 Dungeon Crawl Stone Soup version 0.27.0-1-g7a089689b8 (webtiles) character file.

Game seed: 2442718829344799626

14291 RepHenryClay the Nimble (level 12, -4/94 HPs)
             Began as a Gnoll Gladiator on Aug 7, 2021.
             Was a High Priest of Okawaru.
             Slain by a swamp worm (17 damage)
             ... on level 2 of the Lair of Beasts.
             The game lasted 00:29:08 (13912 turns).

RepHenryClay the Nimble (Gnoll Gladiator)          Turns: 13912, Time: 00:29:08

Health: -4/94      AC: 17    Str: 14    XL:     12   Next: 15%
Magic:  20/22      EV: 15    Int: 13    God:    Okawaru [*****.]
Gold:   389        SH:  7    Dex: 14    Spells: 8/25 levels left

rFire    + . .     SeeInvis .   a - +8 rapier of Lies {vamp, *Noise +Rage Int+6 Dex-5}
rCold    . . .     Faith    .   v - +0 buckler
rNeg     . . .     Spirit   .   w - +0 scale mail {rF+}
rPois    .         Reflect  .   c - +0 helmet
rElec    .         Harm     .   x - +1 cloak
rCorr    .         Rampage  +   D - +0 pair of gloves
Will     .....                  M - +1 pair of boots {rampage}
Stlth    ++++......             e - amulet of regeneration
HPRegen  1.25/turn              j - ring of wizardry
MPRegen  0.18/turn              (no ring)

@: heroic
A: fangs 1, strong nose, distributed training
a: Renounce Religion, Evoke Berserk Rage, Heroism, Finesse


You were on level 2 of the Lair of Beasts.
You worshipped Okawaru.
Okawaru was extremely pleased with you.
You visited 4 branches of the dungeon, and saw 14 of its levels.

You collected 731 gold pieces.
You spent 342 gold pieces at shops.

Inventory:

Hand Weapons
 a - the +8 rapier of Lies (weapon) {vamp, *Noise +Rage Int+6 Dex-5}
   (You found it on level 10 of the Dungeon)

   It occasionally heals its wielder for a portion of the damage dealt when it
   wounds a living foe.
   Int:       It affects your intelligence (+6).
   Dex:       It affects your dexterity (-5).
   +Rage:     It lets you go berserk.
   *Noise:    It may make noises in combat.
 b - a +0 dagger of venom
 s - a +1 dagger of holy wrath
 t - a +4 short sword of freezing
 J - a +2 whip of electrocution
Missiles
 d - 2 throwing nets (quivered)
 f - 42 poisoned darts
 y - 25 bolts
 I - 2 atropa-tipped darts
 O - 8 curare-tipped darts
 R - 18 sling bullets
Armour
 c - a +0 helmet (worn)
 v - a +0 buckler (worn)
 w - a +0 scale mail of fire resistance (worn)
 x - a +1 cloak (worn)
 C - +0 steam dragon scales
 D - a +0 pair of gloves (worn)
 M - a +1 pair of boots of rampaging (worn)
Jewellery
 e - an amulet of regeneration (around neck)
 j - a ring of wizardry (left hand)
 A - a ring of wizardry
 E - the amulet of the Nine Ears {Spirit Harm +Blink rC- Will++}
   (You found it on level 9 of the Dungeon)

   [amulet of guardian spirit]

   It causes incoming damage to be divided between your reserves of health and
   magic.
   rC:        It makes you vulnerable to cold.
   +Blink:    It lets you blink.
   Harm:      It increases damage dealt and taken.
   Will:      It greatly increases your willpower.
 K - an amulet of guardian spirit
 P - an amulet of magic regeneration
Wands
 n - a wand of digging (3)
 z - a wand of flame (7)
 G - a wand of polymorph (15)
 N - a wand of charming (10)
Scrolls
 h - 3 scrolls of teleportation
 l - 3 scrolls of fog
 m - a scroll of identify
 o - a scroll of amnesia {unknown}
 p - a scroll of noise
 q - a scroll of magic mapping
 u - 2 scrolls of blinking
 L - a scroll of fear {unknown}
 Q - a scroll of vulnerability {unknown}
Potions
 g - a potion of might
 i - a potion of cancellation
 k - a potion of magic
 r - 3 potions of brilliance
 B - 4 potions of flight
 F - 2 potions of curing
 H - a potion of berserk rage


   Skills:
 + Level 8.4(13.4) Fighting
 + Level 7.0(12.0) Short Blades
 + Level 7.0(12.0) Long Blades
 + Level 7.0(12.0) Axes
 + Level 7.0(12.0) Maces & Flails
 + Level 7.0(12.0) Polearms
 + Level 9.6(14.6) Staves
 + Level 7.0(12.0) Slings
 + Level 7.0(12.0) Bows
 + Level 7.0(12.0) Crossbows
 + Level 8.4(13.4) Throwing
 + Level 7.0(12.0) Armour
 + Level 9.6(14.6) Dodging
 + Level 7.0(12.0) Stealth
 + Level 7.0(12.0) Shields
 + Level 7.0(12.0) Unarmed Combat
 + Level 7.0 Spellcasting
 + Level 5.8 Conjurations
 + Level 5.8 Hexes
 + Level 5.8 Summonings
 + Level 5.8 Necromancy
 + Level 5.8 Translocations
 + Level 5.8 Transmutations
 + Level 5.8 Fire Magic
 + Level 5.8 Ice Magic
 + Level 5.8 Air Magic
 + Level 5.8 Earth Magic
 + Level 5.8 Poison Magic
 + Level 7.7 Invocations
 + Level 7.0 Evocations


You had 8 spell levels left.
You knew the following spells:

 Your Spells              Type           Power      Damage    Failure   Level
a - Conjure Flame         Conj/Fire      19%        6-21      4%          3
b - Blink                 Tloc           N/A        N/A       2%          2
c - Lesser Beckoning      Tloc           9%         N/A       4%          3
d - Corpse Rot            Necr/Air       N/A        N/A       2%          2
e - Tukima's Dance        Hex            19%        N/A       4%          3
f - Olgreb's Toxic Radia  Pois           19%        N/A       16%         4

Your spell library contained the following spells:

 Spells                   Type           Power      Damage    Failure   Level
 Foxfire                  Conj/Fire      76%        2x1d7     1%          1
 Sandblast                Erth           38%        2d10      1%          1
 Passwall                 Tmut/Erth      15%        N/A       2%          2
 Dazzling Flash           Conj/Hex       38%        N/A       4%          3
 Inner Flame              Hex/Fire       19%        N/A       4%          3
 Ozocubu's Armour         Ice            19%        N/A       4%          3
 Dispel Undead            Necr           19%        3d11      16%         4
 Passage of Golubria      Tloc           N/A        N/A       16%         4
 Petrify                  Tmut/Erth      19%        N/A       16%         4
 Agony                    Necr           19%        N/A       41%         5
 Lee's Rapid Deconstruct  Erth           9%         3d8*      41%         5
 Manifold Assault         Tloc           19%        N/A       41%         5
 Metabolic Englaciation   Hex/Ice        9%         N/A       41%         5
 Silence                  Hex/Air        9%         N/A       41%         5
 Yara's Violent Unravell  Hex/Tmut       9%         3d6       41%         5
 Death Channel            Necr           9%         N/A       91%         6
 Simulacrum               Ice/Necr       9%         N/A       91%         6
 Statue Form              Tmut/Erth      12%        N/A       91%         6
 Ozocubu's Refrigeration  Ice            9%         4d6       100%        7
 Ignition                 Fire           9%         3d5       100%        8


Dungeon Overview and Level Annotations

Branches:
Dungeon (10/15)            Temple (1/1) D:7            Lair (2/6) D:8
  Swamp (0/4) Lair:2          Orc (1/2) D:10
  Snake: Lair:2-4    Spider: Lair:2-4

Altars:
Cheibriados
Elyvilon
Hepliaklqana
Nemelex Xobeh
Okawaru
Qazlal
Ru
Sif Muna
Trog
Uskayaw
Vehumet
Wu Jian
Xom
Yredelemnul
The Shining One

Shops:
D:2 !   Orc:1 *

Annotations:
D:7 1 runed translucent door unfinished, dtburroughs's ghost, novice MiBe
D:8 1 runed translucent door, RBrandon's ghost, novice DsEn
Orc:1 !bad news


Innate Abilities, Weirdness & Mutations

You have very sharp teeth.
Your uncanny sense of smell can sniff out nearby items.
Your experience applies equally to all skills.


Message History

You are yanked forward by the harpoon shot.
The swamp worm closely misses you. The swamp worm bites you!
You block the swamp worm's attack. The swamp worm completely misses you.
The swamp worm bites you but does no damage.
The swamp worm bites you! The swamp worm barely misses you.
You hit the swamp worm.
You feel better.
You bite the swamp worm, but do no damage.
The swamp worm is moderately wounded.
You block the swamp worm's attack.
The swamp worm bites you but does no damage.
You closely miss the swamp worm. You bite the swamp worm.
The swamp worm is moderately wounded.
The swamp worm bites you but does no damage.
You miss the swamp worm.
The swamp worm is moderately wounded.
The swamp worm closely misses you. You block the swamp worm's attack.
You miss the swamp worm.
The swamp worm is moderately wounded.
The swamp worm bites you! You block the swamp worm's attack.
You are too injured to fight recklessly!
You are too injured to fight recklessly!
You are too injured to fight recklessly!
You are too injured to fight recklessly!
You puncture the swamp worm!
You feel better.
You bite the swamp worm, but do no damage.
The swamp worm is heavily wounded.
The swamp worm bites you. The swamp worm barely misses you.
Your scale mail prevents you from hitting the swamp worm.
Your rapier of Lies shouts, "Help!"
The swamp worm is heavily wounded.
The swamp worm bites you! x2
* * * LOW HITPOINT WARNING * * *
Unknown command.
You gain the combat prowess of a mighty hero.
The swamp worm bites you!
* * * LOW HITPOINT WARNING * * *
The swamp worm bites you!
You die...

##.#.####.......
##..# #........
###.## ##.......
##...# #.......
#..##.#
##.......
##.####
#........ ##.P#
#...<.... ##ww##
#........ #@ww.#
####+..PP
#♣♣♣.♣♣ #.##..
♣§§≈♣ #.. ###
♣§§≈≈♣ ##.
♣§§≈≈♣ ## §≈≈≈≈♣
♣♣§≈♣♣♣ ♣♣♣♣


You could see 4 swamp worms.

Vanquished Creatures
  A boulder beetle (Lair:1)
  5 two-headed ogres
  2 cyclopes
  3 cane toads (Lair:1)
  2 komodo dragons
  An unseen horror (D:8)
  A slime creature (D:6)
  A shadow (D:6)
  5 yaks (D:8)
  2 wyverns (D:8)
  A steam dragon (D:6)
  A vampire mosquito (D:7)
  2 basilisks
  Menkaure (D:7)
  2 acid dragons
  A warg (D:10)
  9 water moccasins
  6 orc warriors
  A necrophage (D:6)
  A black bear (D:6)
  A hornet zombie (D:7)
  5 ice beasts
  5 ogres
  5 centaurs
  A kobold brigand (D:8)
  A phantom (D:7)
  4 bullfrogs
  A scorpion (D:5)
  A water moccasin zombie (D:5)
  8 killer bees
  5 wights (D:8)
  2 howler monkeys
  7 crimson imps (D:9)
  3 centaur zombies
  A bullfrog zombie (D:6)
  2 hounds
  3 jellies
  Crazy Yiuf (D:5)
  8 orc priests
  A bullfrog skeleton (D:5)
  3 centaur skeletons (D:7)
  Terence (D:3)
  4 iguanas
  8 orc wizards
  2 killer bee zombies (D:7)
  4 howler monkey zombies
  A howler monkey skeleton (D:6)
  8 adders
  2 shadow imps
  2 white imps (D:9)
  An adder skeleton (D:4)
  A worm (D:4)
  3 dart slugs (D:1)
  35 orcs
  5 ball pythons
  4 bats
  4 endoplasms
  2 giant cockroaches
  7 goblins
  7 hobgoblins
  9 jackals
  7 quokkas
  4 frilled lizards
  11 kobolds
  5 rats
253 creatures vanquished.

Vanquished Creatures (others)
  A bush (D:8)
  6 fungi
  13 plants (D:8)
20 creatures vanquished.

Grand Total: 273 creatures vanquished

Notes
Turn   | Place    | Note
-------+----------+-------------------------------------------
     0 | D:1      | RepHenryClay the Gnoll Gladiator began the quest for the
                  | Orb.
     0 | D:1      | Reached XP level 1. HP: 20/20 MP: 1/1
   200 | D:1      | Reached XP level 2. HP: 16/26 MP: 2/2
   806 | D:1      | Reached XP level 3. HP: 31/31 MP: 3/3
   874 | D:1      | Found a faded altar of an unknown god.
  1147 | D:1      | Reached skill level 1 in Invocations
  1343 | D:2      | Found Vethyoro's Distillery.
  1481 | D:2      | Reached skill level 1 in Short Blades
  1481 | D:2      | Reached skill level 1 in Long Blades
  1481 | D:2      | Reached skill level 1 in Axes
  1481 | D:2      | Reached skill level 1 in Maces & Flails
  1481 | D:2      | Reached skill level 1 in Polearms
  1481 | D:2      | Reached skill level 1 in Slings
  1481 | D:2      | Reached skill level 1 in Bows
  1481 | D:2      | Reached skill level 1 in Crossbows
  1481 | D:2      | Reached skill level 1 in Armour
  1481 | D:2      | Reached skill level 1 in Stealth
  1481 | D:2      | Reached skill level 1 in Shields
  1481 | D:2      | Reached skill level 1 in Unarmed Combat
  1481 | D:2      | Reached skill level 1 in Spellcasting
  1481 | D:2      | Reached skill level 1 in Evocations
  1600 | D:2      | Reached XP level 4. HP: 38/38 MP: 5/5
  2123 | D:3      | Noticed Terence
  2299 | D:3      | Killed Terence
  2300 | D:3      | Reached skill level 1 in Conjurations
  2300 | D:3      | Reached skill level 1 in Hexes
  2300 | D:3      | Reached skill level 1 in Summonings
  2300 | D:3      | Reached skill level 1 in Necromancy
  2300 | D:3      | Reached skill level 1 in Translocations
  2300 | D:3      | Reached skill level 1 in Transmutations
  2300 | D:3      | Reached skill level 1 in Fire Magic
  2300 | D:3      | Reached skill level 1 in Ice Magic
  2300 | D:3      | Reached skill level 1 in Air Magic
  2300 | D:3      | Reached skill level 1 in Earth Magic
  2300 | D:3      | Reached skill level 1 in Poison Magic
  2601 | D:3      | Found a hide-covered altar of Uskayaw.
  2614 | D:3      | Reached XP level 5. HP: 37/43 MP: 6/6
  3202 | D:4      | Noticed an ogre
  3371 | D:4      | Found a radiant altar of Vehumet.
  3552 | D:4      | Killed an ogre
  3553 | D:4      | Reached XP level 6. HP: 32/50 MP: 8/8
  3565 | D:4      | Reached skill level 5 in Fighting
  3565 | D:4      | Reached skill level 5 in Throwing
  3724 | D:4      | Noticed an ice beast
  3750 | D:4      | Killed an ice beast
  3832 | D:4      | Learned a level 3 spell: Conjure Flame
  3970 | D:4      | Reached XP level 7. HP: 40/56 MP: 10/10
  4488 | D:5      | Entered Level 5 of the Dungeon
  5112 | D:5      | Reached XP level 8. HP: 61/63 MP: 12/12
  5409 | D:5      | Found a runed translucent door.
  5410 | D:5      | Noticed Crazy Yiuf
  5418 | D:5      | Killed Crazy Yiuf
  6251 | D:6      | Found an ornate altar of the Wu Jian Council.
  6534 | D:6      | Reached XP level 9. HP: 64/69 MP: 14/14
  6971 | D:6      | Found a glowing golden altar of the Shining One.
  7408 | D:7      | Found a runed translucent door.
  7424 | D:7      | Noticed a gargoyle
  7424 | D:7      | Noticed Menkaure
  7757 | D:7      | Found a hazy altar of Hepliaklqana.
  7758 | D:7      | Found a hide-covered altar of Uskayaw.
  7759 | D:7      | Found a shimmering blue altar of Sif Muna.
  7759 | D:7      | Found a white marble altar of Elyvilon.
  7935 | D:7      | Reached skill level 5 in Invocations
  8235 | D:7      | Found a staircase to the Ecumenical Temple.
  8247 | Temple   | Entered the Ecumenical Temple
  8285 | Temple   | Became a worshipper of Warmaster Okawaru
  8315 | D:7      | Found a bloodstained altar of Trog.
  8368 | D:7      | Noticed a cyclops
  8384 | D:7      | Noticed a komodo dragon
  8386 | D:7      | Killed a cyclops
  8386 | D:7      | Reached * piety under Okawaru
  8387 | D:7      | Reached XP level 10. HP: 54/77 MP: 15/17
  8439 | D:7      | Killed Menkaure
  8440 | D:7      | Reached skill level 5 in Short Blades
  8440 | D:7      | Reached skill level 5 in Long Blades
  8440 | D:7      | Reached skill level 5 in Axes
  8440 | D:7      | Reached skill level 5 in Maces & Flails
  8440 | D:7      | Reached skill level 5 in Polearms
  8440 | D:7      | Reached skill level 5 in Slings
  8440 | D:7      | Reached skill level 5 in Bows
  8440 | D:7      | Reached skill level 5 in Crossbows
  8440 | D:7      | Reached skill level 5 in Armour
  8440 | D:7      | Reached skill level 5 in Stealth
  8440 | D:7      | Reached skill level 5 in Shields
  8440 | D:7      | Reached skill level 5 in Unarmed Combat
  8440 | D:7      | Reached skill level 5 in Spellcasting
  8440 | D:7      | Reached skill level 5 in Evocations
  9762 | D:7      | Noticed dtburroughs's ghost (novice MiBe)
  9813 | D:8      | Noticed a cyclops
  9843 | D:8      | Killed a cyclops
  9843 | D:8      | Reached ** piety under Okawaru
  9900 | D:8      | Found a staircase to the Lair.
 10028 | D:8      | Reached *** piety under Okawaru
 10075 | D:8      | Reached XP level 11. HP: 84/84 MP: 19/19
 10287 | D:8      | Noticed a two-headed ogre
 10307 | D:8      | Killed a two-headed ogre
 10308 | D:8      | Reached skill level 5 in Conjurations
 10308 | D:8      | Reached skill level 5 in Hexes
 10308 | D:8      | Reached skill level 5 in Summonings
 10308 | D:8      | Reached skill level 5 in Necromancy
 10308 | D:8      | Reached skill level 5 in Translocations
 10308 | D:8      | Reached skill level 5 in Transmutations
 10308 | D:8      | Reached skill level 5 in Fire Magic
 10308 | D:8      | Reached skill level 5 in Ice Magic
 10308 | D:8      | Reached skill level 5 in Air Magic
 10308 | D:8      | Reached skill level 5 in Earth Magic
 10308 | D:8      | Reached skill level 5 in Poison Magic
 10317 | D:8      | Noticed a two-headed ogre
 10359 | D:8      | Killed a two-headed ogre
 10359 | D:8      | Reached **** piety under Okawaru
 10760 | D:8      | Noticed an ogre mage
 10761 | D:8      | Found a runed translucent door.
 10761 | D:8      | Noticed RBrandon's ghost (novice DsEn)
 11276 | D:9      | Identified the amulet of the Nine Ears {Spirit Harm +Blink
                  | rC- Will++}
 11353 | D:9      | Noticed a two-headed ogre
 11389 | D:9      | Killed a two-headed ogre
 11643 | D:9      | Learned a level 2 spell: Blink
 11647 | D:9      | Learned a level 3 spell: Lesser Beckoning
 11807 | D:10     | Entered Level 10 of the Dungeon
 11933 | D:10     | Found a staircase to the Orcish Mines.
 11986 | D:10     | Noticed a two-headed ogre
 12011 | D:10     | Killed a two-headed ogre
 12011 | D:10     | Received a gift from Okawaru
 12126 | D:10     | Noticed a two-headed ogre
 12172 | D:10     | Killed a two-headed ogre
 12369 | D:10     | Reached ***** piety under Okawaru
 12506 | D:10     | Identified the +8 rapier of Lies {vamp, *Noise +Rage Int+6
                  | Dex-5}
 12623 | D:10     | Found a sparkling altar of Nemelex Xobeh.
 12844 | Orc:1    | Entered Level 1 of the Orcish Mines
 12844 | Orc:1    | Found Cohulaenu's Assorted Antiques.
 12850 | Orc:1    | Bought a scroll labelled NIPPAMP QIPT for 36 gold pieces
 12850 | Orc:1    | Bought a pair of embroidered boots for 270 gold pieces
 12850 | Orc:1    | Bought a scroll labelled SALEMU IXIURGH for 36 gold pieces
 12897 | Orc:1    | Noticed an orc warlord
 12897 | Orc:1    | Noticed an orc sorcerer
 12897 | Orc:1    | Noticed an orc knight
 12897 | Orc:1    | Noticed an orc high priest
 12897 | Orc:1    | Noticed a deep elf knight
 12984 | Lair:1   | Entered Level 1 of the Lair of Beasts
 13028 | Lair:1   | Received a gift from Okawaru
 13041 | Lair:1   | Reached XP level 12. HP: 67/93 MP: 22/22
 13531 | Lair:1   | Noticed a boulder beetle
 13558 | Lair:1   | Killed a boulder beetle
 13558 | Lair:1   | Received a gift from Okawaru
 13851 | Lair:2   | Learned a level 2 spell: Corpse Rot
 13855 | Lair:2   | Learned a level 3 spell: Tukima's Dance
 13860 | Lair:2   | Learned a level 4 spell: Olgreb's Toxic Radiance
 13893 | Lair:2   | Found a staircase to the Swamp.
 13912 | Lair:2   | Slain by a swamp worm

Illustrated notes

Levels and vault maps discovered:
D:1:      dpeg_arrival_arbitrary_b, layout_loops_corners,
          hellmonk_ecumenical_altar_run_dry
D:2:      layout_loops_ring, serial_shops, shop
D:3:      layout_loops_corners, eat_drink_and_be_merry_uskayaw,
          grunt_decor_junction, uniq_terence
D:4:      layout_loops_ring, mainiacjoe_overflow_tiny_flanked
D:5:      layout_loops_ring, uniq_crazy_yiuf_cottage
D:6:      minmay_opposing_rooms, layout_basic, mainiacjoe_overflow_big_doors,
          kennysheep_pointless_box
D:7:      minmay_the_grid_octo_tiled_squarecenter [minmay_the_grid_octo_teeth,
          minmay_the_grid_octo_focus, minmay_the_grid_octo_shrine,
          minmay_the_grid_octo_77, minmay_the_grid_square_5x5_megaprize_hollow,
          minmay_the_grid_square_5x5_longway, minmay_the_grid_square_5x5_two,
          minmay_the_grid_square_5x5_intrusive_squares,
          minmay_the_grid_square_5x5_lines], layout_loops_cross,
          old_standard_altar, minmay_temple_entry_overgrown,
          ebering_ghost_reflecting_pool, uniq_menkaure
D:8:      layout_loops_ring, minmay_lair_entry_grove, ebering_ghost_inner_flame
D:9:      layout_basic, minmay_nine_imps
D:10:     layout_gridville, nemelex_diamond_rough_becter, erik_orc_3,
          serial_glass, glass_columns_c, glass_columns_c, glass_columns_b,
          glass_columns_a, glass_columns_a, glass_columns_b, glass_columns_a,
          glass_columns_a, glass_columns_a, glass_columns_c, glass_columns_b,
          glass_columns_c, glass_columns_b, glass_columns_b
Temple:   kb_temple_of_zot
Lair:1:   layout_roguey, st_stairs_8, nzn_sisyphean_effort,
          infiniplex_staircase_pool, grunt_megastairs_1
Lair:2:   layout_roguey, minmay_swamp_entry_worms, lemuel_fruit_tree,
          grunt_megastairs_5
Orc:1:    layout_diamond_mine, serial_shops, shop, basic_altar,
          lemuel_statue_altar, elf_legates

Skill      XL: |  1  2  3  4  5  6  7  8  9 10 11 12 |
---------------+-------------------------------------+-----
Invocations    | 1 2 3 4 5 6 7 |  7.7
Short Blades   | 1 2 3 4 5 6 7 |  7.0
Long Blades    | 1 2 3 4 5 6 7 |  7.0
Axes           | 1 2 3 4 5 6 7 |  7.0
Maces & Flails | 1 2 3 4 5 6 7 |  7.0
Polearms       | 1 2 3 4 5 6 7 |  7.0
Slings         | 1 2 3 4 5 6 7 |  7.0
Bows           | 1 2 3 4 5 6 7 |  7.0
Crossbows      | 1 2 3 4 5 6 7 |  7.0
Armour         | 1 2 3 4 5 6 7 |  7.0
Stealth        | 1 2 3 4 5 6 7 |  7.0
Shields        | 1 2 3 4 5 6 7 |  7.0
Unarmed Combat | 1 2 3 4 5 6 7 |  7.0
Spellcasting   | 1 2 3 4 5 6 7 |  7.0
Evocations     | 1 2 3 4 5 6 7 |  7.0
Conjurations   | 1 2 3 4 5 |  5.8
Hexes          | 1 2 3 4 5 |  5.8
Summonings     | 1 2 3 4 5 |  5.8
Necromancy     | 1 2 3 4 5 |  5.8
Translocations | 1 2 3 4 5 |  5.8
Transmutations | 1 2 3 4 5 |  5.8
Fire Magic     | 1 2 3 4 5 |  5.8
Ice Magic      | 1 2 3 4 5 |  5.8
Air Magic      | 1 2 3 4 5 |  5.8
Earth Magic    | 1 2 3 4 5 |  5.8
Poison Magic   | 1 2 3 4 5 |  5.8
Fighting       | 5 6 7 8 |  8.4
Throwing       | 5 6 7 8 |  8.4
Staves         | 7 8 9 |  9.6
Dodging        | 7 8 9 |  9.6

Action                   |  1- 3 |  4- 6 |  7- 9 | 10-12 || total
-------------------------+-------+-------+-------+-------++-------
Melee: Quarterstaff      |   109 |    44 |       |       ||   153
       Bite              |    10 |    13 |    30 |   110 ||   163
       Whip              |       |   102 |   279 |   408 ||   789
       Unarmed           |       |     6 |       |       ||     6
       Dagger            |       |       |    49 |   217 ||   266
       Hand axe          |       |       |       |    18 ||    18
       Rapier            |       |       |       |    56 ||    56
Throw: Throwing net      |       |     1 |       |       ||     1
Invok: Heroism           |       |       |       |     5 ||     5
Evoke: Wand              |       |     1 |       |     3 ||     4
  Use: Potion            |       |     1 |     1 |     8 ||    10
       Scroll            |       |       |     6 |    10 ||    16
 Stab: Sleeping          |     1 |       |       |     7 ||     8
       Invisible         |       |       |     1 |     2 ||     3
       Distracted        |       |       |     1 |       ||     1
Armor: Leather armour    |    20 |       |       |       ||    20
       Ring mail         |       |    43 |     4 |       ||    47
       Scale mail        |       |       |    92 |   205 ||   297
Dodge: Dodged            |    80 |    82 |   154 |   307 ||   623
Block: Buckler           |       |       |    49 |   172 ||   221
